 Dungeon Crawl Stone Soup version 0.25-a0-631-gc915619 (webtiles) character file.

Game seed: 9027821325092367081, levelgen mode: deterministic

737 BlueFish the Covert (level 7, -3/45 HPs)
             Began as an Octopode Assassin on Mar 18, 2020.
             Was an Initiate of Dithmenos.
             Killed from afar by an orc wizard (8 damage)
             ... with a magic dart
             ... on level 5 of the Dungeon.
             The game lasted 00:15:36 (5365 turns).

BlueFish the Covert (Octopode Assassin)             Turns: 5365, Time: 00:15:36

Health: -3/45      AC:  1    Str: 10    XL:     7   Next: 74%
Magic:  7/7        EV: 14    Int: 14    God:    Dithmenos [......]
Gold:   279        SH:  0    Dex: 15    Spells: 6/6 levels left

rFire    . . .     SeeInvis .   a - +3 dagger
rCold    . . .     Gourm    .   (no shield)
rNeg     . . .     Faith    .   (helmet restricted)
rPois    .         Spirit   .   (no amulet)
rElec    .         Reflect  .   (no ring)
rCorr    .         Harm     .   (no ring)
MR       .....                  (no ring)
Stlth    +++++.....             (no ring)
HPRegen  0.15/turn              (no ring)
MPRegen  0.10/turn              (no ring)
                                (no ring)
                                (no ring)

@: no status effects
A: almost no armour, stealthy swim, amphibious, 8 rings, constrict 8, camouflage
1, gelatinous body 1
a: Renounce Religion


You were on level 5 of the Dungeon.
You worshipped Dithmenos.
Dithmenos was noncommittal.
You were not hungry.

You visited 1 branch of the dungeon, and saw 5 of its levels.

You collected 279 gold pieces.

Inventory:

Hand Weapons
 a - a +3 dagger (weapon)
 r - a +0 dagger of protection
Missiles
 b - 17 poisoned darts (quivered)
 c - 2 curare-tipped darts
 u - 3 boomerangs
Wands
 w - a wand of random effects (23)
Scrolls
 e - a scroll of fear
 i - a scroll of enchant weapon
 l - 4 scrolls of remove curse
 o - 4 scrolls of enchant armour
 q - 2 scrolls of teleportation
 s - a scroll of magic mapping
Potions
 f - a potion of flight
 g - a potion of mutation
 h - a potion of might {unknown}
 j - a potion of magic
 k - a potion of curing
 m - a potion of haste
 n - a potion of brilliance {unknown}
 p - a potion of ambrosia {unknown}
 t - a potion of stabbing {unknown}
Comestibles
 d - 9 rations
 v - 3 chunks of flesh


   Skills:
 + Level 2.6 Fighting
 * Level 4.1 Short Blades
 * Level 3.1 Throwing
 * Level 2.8 Dodging
 * Level 10.0 Stealth
 * Level 0.4 Invocations


You had 6 spell levels left.
You didn't know any spells.
Your spell library was empty.

Dungeon Overview and Level Annotations

Branches:
Dungeon (5/15)
 Temple: D:4-7

Altars:
Ashenzari
Dithmenos
Elyvilon
Okawaru
Trog
Wu Jian


Innate Abilities, Weirdness & Mutations

You cannot wear most types of armour.
You are very stealthy in the water. (Stealth+)
You are amphibious.
You can wear up to eight rings at the same time.
You can use your tentacles to constrict eight enemies at once.
Your skin changes colour to match your surroundings (Stealth+).
Your rubbery body absorbs attacks. (AC +1, EV +1)


Message History

The orc is severely wounded.
You constrict the orc.
You kill the orc!
Dithmenos accepts your kill. Something hits you.
* * * LOW HITPOINT WARNING * * *
You hit something.
You feel sick. Something hits you but does no damage.
You hit something. Something hits you but does no damage.
You hit something but do no damage. You squeeze something.
You feel sick. Something hits you.
* * * LOW HITPOINT WARNING * * *
You feel better. Something hits you.
* * * LOW HITPOINT WARNING * * *
You miss something. Something hits you.
* * * LOW HITPOINT WARNING * * *
You miss something.
You hear some strange, mumbled words.
A magic dart appears from out of thin air!
The magic dart hits you!
You die...

##########..#
#.......##..# #### ##
#.#####.##..# #.. .#
#.#####.##..# #.# .#
#รท##......>.###.# .#
#.##.##.###.....# .#
#.##.##.# #####.# .#
##.......#######{#####.#
#.......###....)@).....#
#.#.....# #?...)######.#
#.#.#.#.# #....? .#
#.#.###.# #..(.. .#
#.#.....# #..w.. .#
#......## ###.## .#
#.......# #. .#
#.##.##.# #. .#
#.##.##.#####..


You could see a worm.

Vanquished Creatures
  Grinder (D:3)
  A phantom (D:2)
  An orc priest (D:3)
  Crazy Yiuf (D:3)
  A bullfrog skeleton (D:5)
  Jessica (D:3)
  An orc wizard (D:5)
  Natasha (thrice) (D:3)
  An iguana (D:4)
  A worker ant (D:5)
  A hound zombie (D:4)
  Robin (D:3)
  6 adders
  6 worms
  3 dart slugs
  3 leopard geckos
  8 orcs
  6 bats
  4 giant cockroaches
  20 goblins
  6 hobgoblins
  3 jackals
  A quokka (D:3)
  9 frilled lizards
  10 kobolds
  10 rats
109 creatures vanquished.

Notes
Turn   | Place    | Note
-------+----------+-------------------------------------------
     0 | D:1      | BlueFish the Octopode Assassin began the quest for the Orb.
     0 | D:1      | Reached XP level 1. HP: 14/14 MP: 1/1
   264 | D:1      | Reached XP level 2. HP: 18/19 MP: 2/2
   284 | D:1      | Reached skill level 6 in Stealth
   310 | D:1      | Found an iron altar of Okawaru.
   505 | D:1      | Reached XP level 3. HP: 21/24 MP: 3/3
  1017 | D:2      | Reached skill level 7 in Stealth
  1095 | D:2      | Noticed a phantom
  1349 | D:2      | Reached XP level 4. HP: 26/29 MP: 4/4
  1551 | D:2      | Found a shattered altar of Ashenzari.
  2132 | D:2      | Found an ornate altar of the Wu Jian Council.
  2193 | D:2      | Killed a phantom
  2193 | D:2      | Reached skill level 8 in Stealth
  2193 | D:2      | Reached XP level 5. HP: 32/34 MP: 5/5
  2262 | D:3      | Noticed Jessica
  2264 | D:3      | Killed Jessica
  2441 | D:3      | Noticed Natasha
  2449 | D:3      | Killed Natasha
  2449 | D:3      | Reached XP level 6. HP: 16/39 MP: 6/6
  2614 | D:3      | Found a shadowy altar of Dithmenos.
  2703 | D:3      | Noticed Robin
  2725 | D:3      | Killed Robin
  2739 | D:3      | Noticed a moth of wrath
  2852 | D:3      | Noticed Grinder
  3310 | D:3      | Noticed Natasha
  3318 | D:3      | Killed Natasha
  3496 | D:3      | Noticed Natasha
  3499 | D:3      | Killed Natasha
  3499 | D:3      | Reached skill level 9 in Stealth
  3534 | D:3      | Found a faded altar of an unknown god.
  3659 | D:3      | Became a worshipper of Dithmenos the Shadowed
  3763 | D:3      | Found a runed translucent door.
  3764 | D:3      | Noticed Crazy Yiuf
  3773 | D:3      | Killed Crazy Yiuf
  3901 | D:3      | Found a white marble altar of Elyvilon.
  3999 | D:3      | Killed Grinder
  3999 | D:3      | Reached XP level 7. HP: 3/45 MP: 7/7
  4262 | D:3      | Found a bloodstained altar of Trog.
  5191 | D:5      | Entered Level 5 of the Dungeon
  5278 | D:5      | Reached skill level 10 in Stealth
  5365 | D:5      | Killed from afar by an orc wizard

Levels and vault maps discovered:
D:1:      lemuel_arrival_behind_the_door_large, layout_basic, minivault_23,
          okawaru_ov_weapons_minmay
D:2:      layout_loops_corners, lemuel_doored_altar,
          nicolae_overflow_hidden_temple, minmay_tripent
D:3:      layout_loops_ring, tgw_trog, marbit_many_paths, old_standard_altar,
          first_ration, chequers_ecumenical_altar_grove, uniq_robin,
          uniq_grinder, uniq_natasha, uniq_jessica, uniq_crazy_yiuf_cottage
D:4:      layout_basic
D:5:      layout_loops_cross, gammafunk_ghost_grave

Skill      XL: |  1  2  3  4  5  6  7 |
---------------+----------------------+-----
Stealth        | 6 7 8 9 10 | 10.0
Short Blades   | 3 4 |  4.1
Dodging        | 2 |  2.8
Throwing       | 3 |  3.1
Fighting       | |  2.6
Invocations    | |  0.4

Action                   |  1- 3 |  4- 6 |  7- 9 || total
-------------------------+-------+-------+-------++-------
Melee: Dagger            |    75 |   147 |    55 ||   277
       Constrict         |    10 |    29 |    10 ||    49
       Tentacles         |     5 |    26 |    10 ||    41
  Use: Scroll            |     9 |       |     5 ||    14
       Potion            |       |     3 |     1 ||     4
 Stab: Sleeping          |    21 |    15 |     8 ||    44
       Distracted        |       |     1 |     1 ||     2
  Eat: Chunk             |     1 |     9 |     1 ||    11
       Ration            |       |       |     1 ||     1
Armor: Skin              |     3 |     2 |     1 ||     6
Dodge: Dodged            |    33 |    50 |     9 ||    92

Table legend:
 A = Non-vault XP
 B = Vault XP
 C = Vault XP percentage of total XP
 D = Non-vault monster count
 E = Vault monster count
 F = Vault count percentage of total count
                 A         B        C        D         E       F
            +---------+---------+-------+---------+---------+-------
      Total |     615 |     438 |  41.6 |      88 |      21 |  19.3
            +---------+---------+-------+---------+---------+-------
        D:1 |      41 |       0 |   0.0 |      24 |       0 |   0.0
        D:2 |     206 |       4 |   1.9 |      25 |       2 |   7.4
        D:3 |     159 |     434 |  73.2 |      25 |      19 |  43.2
        D:4 |      69 |       0 |   0.0 |       4 |       0 |   0.0
        D:5 |     140 |       0 |   0.0 |      10 |       0 |   0.0
            +---------+---------+-------+---------+---------+-------
